 Dungeon Crawl Stone Soup version 0.31-a0-1300-gb6740aa4e6 (webtiles) character file.

Game seed: 17594261293915613688

3330 Darkkill the Skirmisher (level 9, -8/82 HPs)
             Began as a Minotaur Hunter on Dec 18, 2023.
             Was an Initiate of Gozag.
             Mangled by a kobold brigand
             ... wielding a +0 war axe
              (10 damage)
             ... in a bailey.
             The game lasted 00:10:15 (7596 turns).

Darkkill the Skirmisher (Minotaur Hunter)           Turns: 7596, Time: 00:10:16

Health: -8/82      AC: 11    Str: 17    XL:     9   Next: 71%
Magic:  8/8        EV: 16    Int:  6    God:    Gozag
Gold:   725        SH:  0    Dex: 17    Spells: 7/8 levels left

rFire   . . .        a - +0 orcbow
rCold   + . .        (shield currently unavailable)
rNeg    . . .        c - +1 leather armour
rPois   .            (helmet restricted)
rElec   .            (no cloak)
rCorr   .            (no gloves)
SInv    .            k - +2 pair of boots
Will    .....        h - amulet of the acrobat
Stlth   +++          d - +4 ring of protection
HPRegen 0.33/turn    (no ring)
MPRegen 0.11/turn

%: acrobat
@: slowed, very slow
A: horns 2, retaliatory headbutt, cold resistance 1, screaming 1
a: Renounce Religion, Potion Petition, Call Merchant, Bribe Branch


You were in a bailey.
You worshipped Gozag.
Gozag was pleased with you.
You visited 1 branch of the dungeon, and saw 8 of its levels.
You also visited: Bailey.

You collected 756 gold pieces.
You paid 31 gold pieces to Gozag.

Inventory:

Hand Weapons
 a - a +0 orcbow (weapon)
 i - the +4 falchion "Foinnaqic" {venom, Fly rC+ rCorr}
   (You found it in a bailey)

   rC+:       It protects you from cold.
   Fly:       It grants you flight.
   rCorr:     It protects you from acid and corrosion.
Missiles
 g - 39 poisoned darts
 l - 4 datura-tipped darts
 p - a throwing net {=f !f}
 t - 16 boomerangs
 y - 6 curare-tipped darts {=f !f}
Armour
 c - a +1 leather armour (worn)
 k - a +2 pair of boots (worn)
Jewellery
 d - a +4 ring of protection (left hand)
 h - an amulet of the acrobat (around neck)
Talismans
 x - a maw talisman
Scrolls
 b - a scroll of butterflies
 n - a scroll of teleportation
 u - a scroll of poison
 A - a scroll of fog
Potions
 e - 4 potions of mutation
 f - 2 potions of lignification
 j - 3 potions of attraction {unknown}
 m - a potion of resistance {unknown}
 o - 2 potions of brilliance {unknown}
 q - a potion of curing {@q1}
 r - a potion of cancellation
 s - a potion of magic
 v - a potion of invisibility {unknown}
 w - a potion of haste {unknown}


   Skills:
 + Level 8.6 Fighting
 + Level 8.8 Ranged Weapons
 + Level 7.8 Dodging
 + Level 6.3 Stealth


You had 7 spell levels left.
You knew the following spells:

 Your Spells              Type           Power      Damage    Failure   Level
a - Necrotise             Necr           0%         1d4       52%         1

Your spell library contained the following spells:

 Spells                   Type           Power      Damage    Failure   Level
 Freeze                   Ice            0%         1d3       52%         1
 Magic Dart               Conj           0%         1d3       52%         1
 Call Imp                 Summ           0%         N/A       67%         2
 Lesser Beckoning         Tloc           0%         N/A       67%         2
 Static Discharge         Conj/Air       0%         3-3/arc   67%         2
 Frozen Ramparts          Ice            0%         1d1       88%         3
 Gell's Gravitas          Tloc           0%         N/A       88%         3
 Hailstorm                Conj/Ice       0%         3d5       88%         3
 Mephitic Cloud           Conj/Pois/Air  0%         N/A       88%         3
 Teleport Other           Tloc           0%         N/A       88%         3
 Vampiric Draining        Necr           0%         2d6       88%         3
 Volatile Blastmotes      Fire/Tloc      0%         2d10      88%         3
 Airstrike                Air            0%         2d(0-16)  99%         4
 Fulminant Prism          Conj/Hex       0%         3d5       99%         4
 Iskenderun's Mystic Bla  Conj/Tloc      0%         2d3       99%         4
 Summon Lightning Spire   Summ/Air       0%         N/A       99%         4
 Agony                    Necr           0%         N/A       100%        5
 Dispersal                Tloc           0%         N/A       100%        6


Dungeon Overview and Level Annotations

Branches:
Dungeon (8/15)             Temple (0/1) D:6          Bailey (1/1)
   Lair: D:8-11

Altars:
Elyvilon
Gozag
Hepliaklqana
Qazlal
Uskayaw

Annotations:
D:4 2 transporters, pigah's ghost, amateur OpSh
D:5 1 runed translucent door, Crazy Yiuf


Innate Abilities, Weirdness & Mutations

You have a pair of horns on your head.
You reflexively headbutt those who attack you in melee.
Your flesh is cold resistant. (rC+)
You occasionally shout uncontrollably at your foes.


Message History

The arrow closely misses the orc warrior.
The arrow misses the kobold brigand.
The orc warrior is engulfed in poison gas.
The orc warrior looks as sick as possible!
The orc warrior closely misses you. You furiously retaliate!
You headbutt the orc warrior, but do no damage.
The orc warrior is engulfed in poison gas.
The orc warrior looks as sick as possible!
You kill the orc warrior!
The kobold brigand throws a poisoned dart.
The poisoned dart completely misses you.
Fire: a) +0 orcbow
Press: ? - help, Q - select action, (/) - cycle Shift-Dir - straight line, f - kobold brigand
Aim: a kobold brigand, wielding a +0 war axe and quivering poisoned darts (56% to hit)
You shoot an arrow.
The arrow closely misses the kobold brigand.
An orc warrior comes into view. It is wielding a +0 broad axe.
The kobold brigand throws a poisoned dart.
The poisoned dart hits you!
You are poisoned.
An orc warrior comes into view.
It is wielding a +0 war axe and quivering atropa-tipped darts.
The kobold brigand throws a poisoned dart.
The poisoned dart hits you!
You are more poisoned.
The orc warrior moves out of view.
Fire: a) +0 orcbow
Press: ? - help, Q - select action, (/) - cycle Shift-Dir - straight line, f/p - kobold brigand
Aim: a kobold brigand, wielding a +0 war axe and quivering poisoned darts (56% to hit)
You shoot an arrow.
The arrow closely misses the kobold brigand.
The orc warrior shouts!
You feel extremely sick.
The kobold brigand throws a poisoned dart.
The poisoned dart hits you!
You are more poisoned.
Fire: a) +0 orcbow
Press: ? - help, Q - select action, (/) - cycle Shift-Dir - straight line, f/p - kobold brigand
Aim: a kobold brigand, wielding a +0 war axe and quivering poisoned darts (56% to hit)
You shoot an arrow. The arrow hits the kobold brigand!
The kobold brigand is heavily wounded.
You feel extremely sick.
The kobold brigand throws a poisoned dart.
The poisoned dart misses you.
The kobold brigand throws a poisoned dart.
The poisoned dart closely misses you.
Fire: a) +0 orcbow
Press: ? - help, Q - select action, (/) - cycle Shift-Dir - straight line, f/p - kobold brigand
Aim: a kobold brigand, wielding a +0 war axe and quivering poisoned darts (heavily wounded, 56% to hit)
Okay, then.
You feel better.
The orc warrior is poisoned.
Fire: a) +0 orcbow
Press: ? - help, Q - select action, (/) - cycle Shift-Dir - straight line, f/p - kobold brigand
Aim: a kobold brigand, wielding a +0 war axe and quivering poisoned darts (heavily wounded, 56% to hit)
You shoot an arrow. The arrow hits the kobold brigand!
The kobold brigand is moderately wounded.
The kobold brigand is distracted by your dazzling golden aura.
The kobold brigand hits you with a +0 war axe!
The kobold brigand throws a curare-tipped dart.
The curare-tipped dart hits you.
You are poisoned.
You have difficulty breathing.
You feel as though you will be slow longer.
Fire: a) +0 orcbow
Press: ? - help, Q - select action, (/) - cycle Shift-Dir - straight line, f/p - kobold brigand
Aim: a kobold brigand, wielding a +0 war axe and quivering poisoned darts (heavily wounded, unaware, hasn't noticed you, 56% to hit)
You shoot an arrow. The kobold brigand shouts!
The arrow hits the orc warrior but does no damage.
You feel very sick.
The kobold brigand is no longer distracted by gold.
The orc warrior hits you with a +0 broad axe!
The kobold brigand hits you with a +0 war axe!
* * * LOW HITPOINT WARNING * * *
The kobold brigand hits you with a +0 war axe!
* * * LOW HITPOINT WARNING * * *
The orc warrior misses you.
Fire: a) +0 orcbow
Press: ? - help, Q - select action, (/) - cycle Shift-Dir - straight line, f/p - kobold brigand
Aim: a kobold brigand, wielding a +0 war axe and quivering poisoned darts (heavily wounded, 56% to hit)
Okay, then.
You feel better.
The kobold brigand hits you with a +0 war axe.
* * * LOW HITPOINT WARNING * * *
You feel better.
The orc warrior hits you with a +0 broad axe!
* * * LOW HITPOINT WARNING * * *
The orc warrior closely misses you. You furiously retaliate!
You headbutt the orc warrior!
The kobold brigand hits you but does no damage.
The kobold brigand misses you.
The orc warrior hits you with a +0 broad axe!
* * * LOW HITPOINT WARNING * * *
The orc warrior closely misses you.
You feel better.
The orc warrior looks more healthy.
The orc warrior hits you with a +0 broad axe!
* * * LOW HITPOINT WARNING * * *
The orc warrior closely misses you.
The kobold brigand hits you with a +0 war axe!
You die...
Your body crumbles into a pile of gold. ............. ........... ......... ....... ..K..
KKo

###o### ##.K@o.##
#...8...# #∩.....∩#
##.....##
####'''####
##~.......~##
#####~~.......~~###
#....~~.......~~..
#.###~~.......~~###


You could see 3 orc warriors and 4 kobold brigands.

Vanquished Creatures
  An orc knight (Bailey)
  A wyvern (D:4)
  Duvessa (D:7)
  A water moccasin (D:6)
  2 orc warriors
  2 ice beasts
  A black bear (D:4)
  3 ogres
  2 centaurs
  A phantom (D:5)
  4 kobold brigands
  4 bullfrogs
  6 scorpions
  Dowan (D:7)
  2 jellies
  3 hounds (D:6)
  4 orc priests
  5 orc wizards
  Natasha (D:3)
  2 iguanas
  8 gnolls
  An adder (D:5)
  A shadow imp (D:7)
  A white imp (D:5)
  2 dart slugs
  20 orcs
  4 ball pythons
  3 bats (D:1)
  10 endoplasms
  3 giant cockroaches
  10 goblins
  3 hobgoblins
  22 kobolds
  A quokka (D:5)
  3 frilled lizards
  5 rats
144 creatures vanquished.

Notes
Turn   | Place    | Note
-------+----------+-------------------------------------------
     0 | D:1      | Darkkill the Minotaur Hunter began the quest for the Orb.
     0 | D:1      | Reached XP level 1. HP: 18/18 MP: 0/0
    73 | D:1      | Reached skill level 1 in Stealth
   123 | D:1      | Reached XP level 2. HP: 25/25 MP: 1/1
   997 | D:2      | Reached XP level 3. HP: 29/31 MP: 2/2
  1479 | D:2      | Gained mutation: You occasionally shout uncontrollably at
                  | your foes. [potion of mutation]
  1479 | D:2      | Gained mutation: Your flesh is cold resistant. (rC+)
                  | [potion of mutation]
  1713 | D:3      | Noticed an ice beast
  1729 | D:3      | Killed an ice beast
  1730 | D:3      | Reached skill level 5 in Ranged Weapons
  1730 | D:3      | Reached XP level 4. HP: 24/40 MP: 3/3
  1989 | D:3      | Noticed Natasha
  2006 | D:3      | HP: 8/40 [Natasha/magic dart (9)]
  2006 | D:3      | HP: 3/40 [cerulean imp/+2 spear[Natasha] (5)]
  2007 | D:3      | Killed Natasha
  2008 | D:3      | Reached XP level 5. HP: 4/46 MP: 4/4
  2620 | D:4      | Noticed a black bear
  2625 | D:4      | Killed a black bear
  2626 | D:4      | Reached XP level 6. HP: 47/53 MP: 5/5
  2680 | D:4      | Found a transporter.
  2680 | D:4      | Noticed pigah's ghost (amateur OpSh)
  2681 | D:4      | Noticed a wyvern
  2735 | D:4      | Found a transporter.
  2878 | D:4      | Noticed a wyvern
  2887 | D:4      | Killed a wyvern
  2888 | D:4      | Reached skill level 5 in Fighting
  2888 | D:4      | Reached XP level 7. HP: 25/61 MP: 6/6
  3095 | D:4      | Found a hide-covered altar of Uskayaw.
  3095 | D:4      | Found an opulent altar of Gozag.
  3096 | D:4      | Found a stormy altar of Qazlal.
  3112 | D:4      | Became a worshipper of Gozag Ym Sagoz the Greedy
  3289 | D:5      | Entered Level 5 of the Dungeon
  3345 | D:5      | HP: 5/61 [orc priest/divine providence (14)]
  3593 | D:5      | Reached skill level 5 in Dodging
  3982 | D:5      | Found a runed translucent door.
  3983 | D:5      | Noticed Crazy Yiuf
  4229 | D:5      | Reached XP level 8. HP: 70/70 MP: 7/7
  4339 | D:5      | Upgraded the game from 0.31-a0-1278-g11c5b68f87 to
                  | 0.31-a0-1300-gb6740aa4e6
  4378 | D:5      | Learned a level 1 spell: Necrotise
  4483 | D:6      | Found a white marble altar of Elyvilon.
  4854 | D:6      | Reached skill level 5 in Stealth
  4951 | D:6      | Found a staircase to the Ecumenical Temple.
  5266 | D:6      | Found a hazy altar of Hepliaklqana.
  5346 | D:6      | Reached XP level 9. HP: 79/79 MP: 8/8
  5929 | D:7      | Noticed Duvessa
  5935 | D:7      | Noticed Dowan
  5936 | D:7      | Killed Duvessa
  5948 | D:7      | Killed Dowan
  7053 | D:8      | Found a flagged portal.
  7072 | Bailey   | Entered a bailey
  7285 | Bailey   | Noticed an orc knight
  7347 | Bailey   | HP: 1/81 [orc knight/+0 war axe (19)]
  7365 | Bailey   | Killed an orc knight
  7562 | Bailey   | Identified the +4 falchion "Foinnaqic" {venom, Fly rC+
                  | rCorr}
  7593 | Bailey   | HP: 12/82 [kobold brigand/+0 war axe (9)]
  7596 | Bailey   | HP: 2/82 [orc warrior/+0 broad axe (15)]
  7596 | Bailey   | Mangled by a kobold brigand

Illustrated notes

Levels and vault maps discovered:
D:1:      sevenhm_arrival_forest_fort_large_2, layout_basic
D:2:      layout_basic
D:3:      layout_loops_ring, uniq_natasha
D:4:      layout_rooms, gammafunk_temple_overflow_claw, gammafunk_ghost_arena
D:5:      layout_cave_pods, uniq_crazy_yiuf_cottage
D:6:      layout_loops_ring, elyvilon_altar_1, nicolae_hepliaklqana_hippocampus,
          temple_statues, wad_floor_pattern_untrapped
D:7:      layout_layer_cave, uniq_duvessa
D:8:      nzn_winding_woodlands_cross [nzn_winding_woodlands_5x15_default,
          nzn_winding_woodlands_5x15_sidewinder,
          nzn_winding_woodlands_5x15_parted,
          nzn_winding_woodlands_5x15_pathside_ponds,
          nzn_winding_woodlands_15x15_thick_spiral], layout_loops_ring,
          lightli_bailey_entry_fortress, roderic_filled_cross
Bailey:   bailey_axe_3, bailey

Skill      XL: |  1  2  3  4  5  6  7  8  9 |
---------------+----------------------------+-----
Stealth        | 1 2 3 4 5 6 |  6.3
Fighting       | 3 4 5 6 7 8 |  8.6
Ranged Weapons | 5 6 7 8 |  8.8
Dodging        | 3 4 5 6 7 |  7.8

Action                     |  1- 3 |  4- 6 |  7- 9 || total
---------------------------+-------+-------+-------++-------
  Melee: Shortbow          |       |       |     2 ||     2
   Fire: Shortbow          |    86 |   102 |   307 ||   495
         Orcbow            |       |       |   112 ||   112
  Evoke: Wand              |       |     3 |     4 ||     7
    Use: Scroll            |     7 |     2 |     8 ||    17
         Potion            |     6 |       |    10 ||    16
 Armour: Leather armour    |    20 |    34 |   189 ||   243
  Dodge: Dodged            |    13 |    31 |   220 ||   264

Table legend: (Time is in decaauts)
 A = Elapsed time spent in this place.
 B = Non-inter-level travel time spent in this place.
 C = Inter-level travel time spent in this place.
 D = Time resting spent in this place.
 E = Time spent auto-exploring this place.
 F = Levels seen in this place.
 G = Mean time per level.
                   A        B        C        D        E       F      G
               +--------+--------+--------+--------+--------+-----+--------+
         Total |   7689 |   7351 |    338 |    469 |   5717 |   9 |  854.3 |
       Dungeon |   7143 |   6805 |    338 |    267 |   5549 |   8 |  892.9 |
        Bailey |    545 |    545 |      0 |    202 |    168 |   1 |  545.0 |
               +--------+--------+--------+--------+--------+-----+--------+

Top non-repeatable levels by time:
     D:7: 1432 daAuts
     D:5: 1181 daAuts
     D:6: 1174 daAuts
     D:1: 1002 daAuts
     D:3: 897 daAuts
     D:4: 739 daAuts
     D:2: 695 daAuts
  Bailey: 545 daAuts
     D:8: 20 daAuts

Levels and vault maps discovered:
D:1:      sevenhm_arrival_forest_fort_large_2, layout_basic
D:2:      layout_basic
D:3:      layout_loops_ring, uniq_natasha
D:4:      layout_rooms, gammafunk_temple_overflow_claw, gammafunk_ghost_arena
D:5:      layout_cave_pods, uniq_crazy_yiuf_cottage
D:6:      layout_loops_ring, elyvilon_altar_1, nicolae_hepliaklqana_hippocampus,
          temple_statues, wad_floor_pattern_untrapped
D:7:      layout_layer_cave, uniq_duvessa
D:8:      nzn_winding_woodlands_cross [nzn_winding_woodlands_5x15_default,
          nzn_winding_woodlands_5x15_sidewinder,
          nzn_winding_woodlands_5x15_parted,
          nzn_winding_woodlands_5x15_pathside_ponds,
          nzn_winding_woodlands_15x15_thick_spiral], layout_loops_ring,
          lightli_bailey_entry_fortress, roderic_filled_cross
Bailey:   bailey_axe_3, bailey

Table legend: (Time is in decaauts)
 A = Elapsed time spent in this place.
 B = Non-inter-level travel time spent in this place.
 C = Inter-level travel time spent in this place.
 D = Time resting spent in this place.
 E = Time spent auto-exploring this place.
 F = Levels seen in this place.
 G = Mean time per level.
                   A        B        C        D        E       F      G
               +--------+--------+--------+--------+--------+-----+--------+
         Total |   7689 |   7351 |    338 |    469 |   5717 |   9 |  854.3 |
       Dungeon |   7143 |   6805 |    338 |    267 |   5549 |   8 |  892.9 |
        Bailey |    545 |    545 |      0 |    202 |    168 |   1 |  545.0 |
               +--------+--------+--------+--------+--------+-----+--------+

Top non-repeatable levels by time:
     D:7: 1432 daAuts
     D:5: 1181 daAuts
     D:6: 1174 daAuts
     D:1: 1002 daAuts
     D:3: 897 daAuts
     D:4: 739 daAuts
     D:2: 695 daAuts
  Bailey: 545 daAuts
     D:8: 20 daAuts

Table legend:
 A = Kills in this place as a percentage of kills in the entire game.
 B = Kills by you in this place as a percentage of kills by you in the entire game.
 C = Kills by friends in this place as a percentage of kills by friends in the entire game.
 D = Other kills in this place as a percentage of other kills in the entire game.
 E = Experience gained in this place as a percentage of experience gained in the entire game.
 F = Experience gained in this place divided by the number of levels of this place that you have seen.
                   A       B       C       D       E      F
               +-------+-------+-------+-------+-------+----------------------
         Total | 100.0 | 100.0 |   N/A |   N/A | 100.0 | 528.7
       Dungeon |  89.6 |  89.6 |   N/A |   N/A |  77.0 | 457.9
        Bailey |  10.4 |  10.4 |   N/A |   N/A |  23.0 | 1095.0
               +-------+-------+-------+-------+-------+----------------------
